 Dungeon Crawl Stone Soup version 0.28-a0-724-g66f9036eb4 (webtiles) character file.

Game seed: 6153011275250479484

371 Lekart the Vandal (level 6, -2/47 (48) HPs)
             Began as a Draconian Earth Elementalist on Oct 26, 2021.
             Was a Believer of Jiyva.
             Slain by Menkaure (12 damage)
             ... on level 4 of the Dungeon.
             The game lasted 00:07:48 (3975 turns).

Lekart the Vandal (Draconian Earth Elementalist)    Turns: 3975, Time: 00:07:48

HP:   -2/47 (48)    AC:  6    Str:  9    XL:     6   Next: 42%
MP:   6/10          EV: 12    Int: 18    God:    Jiyva [**....]
Gold: 93            SH:  0    Dex: 12    Spells: 7/10 levels left

rFire   . . .      SeeInvis .   g - +2 hunting sling (flame)
rCold   . . .      Faith    .   (no shield)
rNeg    . . .      Spirit   .   (armour unavailable)
rPois   .          Reflect  .   (helmet restricted)
rElec   .          Harm     .   (no cloak)
rCorr   .          Rampage  .   (no gloves)
Will    .....                   (no boots)
Stlth   ++........              (no amulet)
HPRegen 0.15/turn               (no ring)
MPRegen 0.12/turn               (no ring)

@: lightly drained
A: AC +6, unfitting armour, cold-blooded
a: Renounce Religion, Request Jelly


You were on level 4 of the Dungeon.
You worshipped Jiyva.
Jiyva was pleased with you.
You visited 1 branch of the dungeon, and saw 5 of its levels.

You collected 93 gold pieces.

Inventory:

Hand Weapons
 c - a +3 dagger of venom
 g - a +2 hunting sling of flaming (weapon)
Missiles
 b - 13 stones (quivered ammo)
Jewellery
 a - a ring of protection from cold


   Skills:
 + Level 1.9 Fighting
 + Level 1.0 Short Blades
 + Level 4.0 Slings
 + Level 2.3 Dodging
 + Level 2.5 Stealth
 + Level 2.7 Spellcasting
 + Level 1.0 Transmutations
 + Level 3.7 Earth Magic


You had 7 spell levels left.
You knew the following spells:

 Your Spells              Type           Power      Damage    Failure   Level
a - Sandblast             Erth           30%        2d9       3%          1
b - Passwall              Tmut/Erth      8%         N/A       10%         2

Your spell library contained the following spells:

 Spells                   Type           Power      Damage    Failure   Level
 Sting                    Tmut/Pois      16%        1d3       14%         1
 Wereblood                Tmut           6%         N/A       17%         2
 Stone Arrow              Conj/Erth      18%        3d8       24%         3
 Ensorcelled Hibernation  Hex/Ice        4%         N/A       26%         2
 Sublimation of Blood     Necr           1%         N/A       26%         2
 Spider Form              Tmut/Pois      2%         N/A       38%         3
 Petrify                  Tmut/Erth      10%        N/A       54%         4
 Summon Hydra             Summ           1%         N/A       100%        7


Dungeon Overview and Level Annotations

Branches:
Dungeon (5/15)
 Temple: D:4-7

Altars:
Vehumet
Jiyva

Annotations:
D:4 Menkaure


Innate Abilities, Weirdness & Mutations

Your plain brown scales are hard. (AC +6)
You cannot fit into any form of body armour.
You are cold-blooded and may be slowed by cold attacks.


Message History

A white imp comes into view.
Fire: 17 stones
Press: ? - help, Q - select action, (/) - cycle Shift-Dir - straight line, f - Menkaure
Aim: Menkaure (76% to hit)
You shoot a stone. The stone barely misses Menkaure.
The white imp shouts, "Out, out, thou dankish hasty-witted beggar!"
Menkaure casts a spell at you. Pain shoots through your body!
Casting: Sandblast (safe; 3% risk of failure)
Confirm with . or Enter, or press ? or * to list all spells.
Aiming: Sandblast (safe; 3% risk of failure)
Press: ? - help, Shift-Dir - straight line, f/p - Menkaure
Aim: Menkaure (90% to hit)
The blast of sand hits Menkaure.
Menkaure is lightly damaged.
b - 15 stones
Casting: Sandblast (safe; 3% risk of failure)
Confirm with . or Enter, or press ? or * to list all spells.
Aiming: Sandblast (safe; 3% risk of failure)
Press: ? - help, Shift-Dir - straight line, f/p - Menkaure
Aim: Menkaure (lightly damaged, 90% to hit)
The blast of sand hits Menkaure.
Menkaure is lightly damaged.
b - 14 stones Menkaure hits you!
* * * LOW HITPOINT WARNING * * *
Menkaure mumbles some strange words.
Menkaure seems to speed up.
You climb upwards.
There is a stone staircase leading down, spattered with blood here.
Casting: Sandblast (safe; 3% risk of failure)
Confirm with . or Enter, or press ? or * to list all spells.
Aiming: Sandblast (safe; 3% risk of failure)
Press: ? - help, Shift-Dir - straight line, f - Menkaure
Aim: Menkaure (lightly damaged, fast, 90% to hit)
The blast of sand hits Menkaure.
Menkaure is heavily damaged.
b - 13 stones Menkaure hits you!
You die...

####..#..#...#.#.. #####
######..##.##.##.### #...#
##...##..##..#.#..##. #...#
##.....#...##.#.#.....
#...######........#.##.#.#.....
#....J..J...........##.#'#.#...
#....#####.......#J............
#....# ##....M###.#####......
#....# #....@..##..# #...#.#
#....## #.......###J####..##.#
####..# #.........#.##....#..#
##.# ##.....##......##.#.## #.#
##...####.....##.#.# ####
##.########## ###....#...##
...# #........### #^.........
...#
#..........#######....##J..#
...#
#........#....J.............


You could see Menkaure (fast) and a neutral jelly (wandering) (fellow slime).

Vanquished Creatures
  A necrophage (D:4)
  2 orc priests
  An iguana (D:4)
  An orc wizard (D:3)
  Natasha (thrice) (D:2)
  3 adders
  An ufetubus (D:4)
  An adder skeleton (D:4)
  A worm (D:2)
  A dart slug (D:2)
  5 orcs
  2 endoplasms (D:1)
  3 giant cockroaches (D:1)
  3 goblins
  2 hobgoblins
  11 jackals
  7 kobolds
  4 quokkas
  4 ball pythons
  6 bats
  8 frilled lizards
  3 rats
73 creatures vanquished.

Vanquished Creatures (others)
  A phantom (D:4)
  A jelly (D:3)
  A hound (D:4)
  An orc wizard (D:4)
  8 gnolls (D:3)
  An adder (D:4)
  2 endoplasms
  3 orcs (D:4)
  3 giant cockroaches
  2 goblins
  2 ball pythons
  A bat (D:3)
  A frilled lizard (D:2)
  3 kobolds
  A rat (D:1)
  4 fungi (D:1)
35 creatures vanquished.

Grand Total: 108 creatures vanquished

Notes
Turn   | Place    | Note
-------+----------+-------------------------------------------
     0 | D:1      | Lekart the Draconian Earth Elementalist began the quest for
                  | the Orb.
     0 | D:1      | Reached XP level 1. HP: 14/14 MP: 3/3
   167 | D:1      | Reached XP level 2. HP: 12/20 MP: 1/5
   447 | D:1      | Found a faded altar of an unknown god.
   480 | D:1      | Got Plato's Volume of Venom
   481 | D:1      | Prayed at the altar of an unknown god.
   481 | D:1      | Became a worshipper of Jiyva Joyqisa the Shapeless
   481 | D:1      | Reached * piety under Jiyva
  1093 | D:2      | Reached XP level 3. HP: 21/26 MP: 6/6
  1188 | D:2      | Learned a level 2 spell: Passwall
  1409 | D:2      | Noticed Natasha
  1413 | D:2      | Killed Natasha
  1414 | D:2      | Reached XP level 4. HP: 34/34 MP: 7/7
  1456 | D:2      | Reached skill level 1 in Slings
  1644 | D:2      | Noticed Natasha
  1650 | D:2      | Killed Natasha
  1651 | D:2      | Reached skill level 1 in Short Blades
  1668 | D:2      | Noticed Natasha
  1673 | D:2      | Killed Natasha
  1674 | D:2      | Reached skill level 1 in Fighting
  1950 | D:3      | Reached skill level 2 in Slings
  1950 | D:3      | Reached XP level 5. HP: 37/40 MP: 9/9
  2544 | D:3      | Reached skill level 3 in Slings
  2744 | D:3      | Reached ** piety under Jiyva
  3352 | D:4      | Found a radiant altar of Vehumet.
  3359 | D:4      | Noticed a phantom
  3371 | D:4      | Killed a phantom
  3372 | D:4      | Reached XP level 6. HP: 48/48 MP: 5/10
  3665 | D:4      | Reached *** piety under Jiyva
  3884 | D:5      | Entered Level 5 of the Dungeon
  3884 | D:5      | Noticed Menkaure
  3894 | D:4      | Reached skill level 4 in Slings
  3975 | D:4      | Slain by Menkaure

Illustrated notes

Levels and vault maps discovered:
D:1:      denvon_arrival_waterhouse, layout_rooms,
          shapermc_ecumenical_altar_rom_forum, roderic_serpentine_path
D:2:      layout_loops_ring, minmay_close_crescents, uniq_natasha
D:3:      layout_rooms
D:4:      layout_rooms, mainiacjoe_overflow_surrounded_room,
          nicolae_overflow_hidden_temple
D:5:      layout_rooms, grunt_temple_overflow_bloody_war,
          lightli_sewer_entry_pipes, serial_shops, nicolae_shop_stone,
          uniq_menkaure, uniq_sigmund

Skill      XL: |  1  2  3  4  5  6 |
---------------+-------------------+-----
Stealth        | 2 |  2.5
Dodging        | 2 |  2.3
Slings         | 2 3 4 |  4.0
Short Blades   | 1 |  1.0
Fighting       | 1 |  1.9
Spellcasting   | |  2.7
Transmutations | |  1.0
Earth Magic    | |  3.7

Action                   |  1- 3 |  4- 6 || total
-------------------------+-------+-------++-------
Melee: Dagger            |    34 |       ||    34
       Tailslap          |     1 |       ||     1
 Fire: Hunting sling     |    27 |   113 ||   140
 Cast: Sandblast         |    21 |     6 ||    27
Invok: Request Jelly     |       |     1 ||     1
  Use: Potion            |       |     4 ||     4
       Scroll            |       |     2 ||     2
 Stab: Sleeping          |     1 |       ||     1
Armor: Skin              |    20 |    20 ||    40
Dodge: Dodged            |    43 |    49 ||    92

Table legend: (Time is in decaauts)
 A = Elapsed time spent in this place.
 B = Non-inter-level travel time spent in this place.
 C = Inter-level travel time spent in this place.
 D = Time resting spent in this place.
 E = Time spent auto-exploring this place.
 F = Levels seen in this place.
 G = Mean time per level.
                   A        B        C        D        E       F      G
               +--------+--------+--------+--------+--------+-----+--------+
         Total |   3992 |   3878 |    114 |   1362 |   1957 |   5 |  798.4 |
       Dungeon |   3992 |   3878 |    114 |   1362 |   1957 |   5 |  798.4 |
               +--------+--------+--------+--------+--------+-----+--------+

Top non-repeatable levels by time:
     D:2: 1572 daAuts
     D:1: 1063 daAuts
     D:4: 761 daAuts
     D:3: 582 daAuts
     D:5: 12 daAuts
